 Dungeon Crawl Stone Soup version 0.31-a0-180-g519b7de00c (webtiles) character file.

Game seed: 6466275311439623212

180 qw the Shooter (level 5, 0/49 HPs)
             Began as a Naga Hunter on June 19, 2023.
             Slain by a black bear (6 damage)
             ... on level 4 of the Dungeon.
             The game lasted 00:00:51 (2431 turns).

qw the Shooter (Naga Hunter)                        Turns: 2431, Time: 00:00:51

Health: 0/49       AC:  4    Str: 13    XL:     5   Next: 60%
Magic:  5/5        EV: 10    Int:  9    God:
Gold:   121        SH:  0    Dex: 23    Spells: 4/4 levels left

rFire   . . .        Y - +0 shortbow
rCold   + . .        (shield currently unavailable)
rNeg    . . .        c - +0 leather armour
rPois   +            b - +1 hat
rElec   .            (no cloak)
rCorr   .            (no gloves)
SInv    +            (no barding)
Will    +....        (no amulet)
Stlth   ++           d - +6 ring of dexterity
HPRegen 0.28/turn    (no ring)
MPRegen 0.09/turn

%: no passive effects
@: about to teleport, short of breath, very slow
A: AC +1, large, see invisible, deformed body, poison resistance, slowness 2,
spit poison 1, naga tail 1, cold resistance 1, strong-willed 1
a: Spit Poison


You were on level 4 of the Dungeon.
You visited 1 branch of the dungeon, and saw 4 of its levels.

You collected 121 gold pieces.


Innate Abilities, Weirdness & Mutations

Your serpentine skin is tough. (AC +1)
You have supernaturally acute eyesight. (SInv)
Armour fits poorly on your strangely shaped body.
Your system is resistant to poisons. (rPois)
You cover ground very slowly.
You can spit poison.
You have a snake-like lower body.
Your flesh is cold resistant. (rC+)
You are strong-willed. (Will+)


   Skills:
 - Level 3.0 Fighting
 + Level 5.3 Ranged Weapons
 - Level 2.3 Dodging
 - Level 1.5 Stealth


You had 4 spell levels left.
You didn't know any spells.
Your spell library was empty.

Inventory:

Hand Weapons
 Y - a +0 shortbow (weapon)
Armour
 b - a +1 hat (worn)
 c - a +0 leather armour (worn)
Jewellery
 d - a +6 ring of dexterity (left hand)
Scrolls
 a - 2 scrolls of teleportation
Potions
 e - a potion of magic {unknown}
 f - a potion of resistance {unknown}
 h - a potion of enlightenment {unknown}
 j - a potion of mutation
 l - a potion of heal wounds {unknown}
 m - a potion of berserk rage {unknown}
 n - a potion of lignification {unknown}
 o - a potion of curing {unknown}

Dungeon Overview and Level Annotations

Branches:
Dungeon (4/15)
 Temple: D:4-7

Altars:
Xom


Message History

The black bear is moderately wounded.
2424 ||| INVOKING Spit Poison.
Aiming: Spit Poison (1% risk of failure)
Press: ? - help, Shift-Dir - straight line, f/p - black bear The splash of poison hits the black bear.
The black bear is heavily wounded.
You shoot an arrow. The arrow hits the black bear.
The black bear is severely wounded.
You shoot an arrow. The arrow hits the black bear.
The black bear is severely wounded.
The black bear goes berserk!
You shoot an arrow. The arrow hits the black bear!
The black bear is almost dead.
You hear an angry hiss.
You shoot an arrow. The arrow hits the black bear.
The black bear is almost dead.
The black bear bites you! The black bear claws you.
The black bear barely misses you. The black bear bites you.
The black bear claws you. x2
You shoot an arrow. The arrow barely misses the black bear.
You have got your breath back.
The black bear bites you. The black bear barely misses you. x2
The black bear bites you. The black bear closely misses you.
The black bear claws you but does no damage.
2430 ||| INVOKING Spit Poison.
Aiming: Spit Poison (1% risk of failure)
Press: ? - help, Shift-Dir - straight line, f/p - black bear The splash of poison hits the black bear.
The black bear is poisoned.
The black bear is almost dead.
An adder comes into view.
The black bear bites you. The black bear claws you.
The black bear completely misses you.
2431 ||| READING 3 scrolls of teleportation.
As you read the scroll of teleportation, it crumbles to dust.
You feel strangely unstable.
The black bear bites you but does no damage.
The black bear barely misses you. The black bear claws you.
The black bear bites you.
You die...

#.....
#S....#
#...... ## .#
#...... .#.#
#...... ...
#......##...
#......h##.#
#@##.# #.##.#
#....###
####...# #
#.#.####.#
#.#.#<...#
#.#...##.....
#.#.#........
#.#....####..


You could see a black bear (berserk, poisoned) and an adder.

Vanquished Creatures
  Jessica (D:3)
  An orc wizard (D:4)
  5 adders
  3 worms
  A dart slug (D:3)
  6 orcs
  4 endoplasms
  7 giant cockroaches
  5 goblins
  6 hobgoblins
  4 quokkas
  8 ball pythons
  5 bats
  4 frilled lizards
  3 kobolds
  7 rats
70 creatures vanquished.

Notes
Turn   | Place    | Note
-------+----------+-------------------------------------------
     0 | D:1      | qw the Naga Hunter began the quest for the Orb.
     0 | D:1      | Reached XP level 1. HP: 19/19 MP: 1/1
     0 | D:1      | 0 ||| qw: Version: 0.3-a-7-ge0c9b40
     0 | D:1      | 0 ||| qw: Game counter: 998
     0 | D:1      | 0 ||| qw: Always use a shield: true
     0 | D:1      | 0 ||| qw: God list: Okawaru
     0 | D:1      | 0 ||| qw: Allow faded altars: false
     0 | D:1      | 0 ||| qw: Do Orc after D:15 true
     0 | D:1      | 0 ||| qw: Do second Lair branch before Depths: true
     0 | D:1      | 0 ||| qw: Lair rune preference: random
     0 | D:1      | 0 ||| qw: Plans: Normal
     0 | D:1      | 0 ||| PLANNING D:1-11
   159 | D:1      | 159 ||| INVOKING Spit Poison.
   176 | D:1      | 176 ||| INVOKING Spit Poison.
   186 | D:1      | 186 ||| INVOKING Spit Poison.
   187 | D:1      | Reached skill level 4 in Ranged Weapons
   187 | D:1      | Reached XP level 2. HP: 26/26 MP: 2/2
   322 | D:1      | 322 ||| INVOKING Spit Poison.
   349 | D:1      | 349 ||| INVOKING Spit Poison.
   352 | D:1      | 352 ||| INVOKING Spit Poison.
   515 | D:1      | 515 ||| INVOKING Spit Poison.
   538 | D:1      | 538 ||| INVOKING Spit Poison.
   560 | D:1      | 560 ||| INVOKING Spit Poison.
   605 | D:1      | 605 ||| INVOKING Spit Poison.
   653 | D:1      | 653 ||| INVOKING Spit Poison.
   710 | D:1      | 710 ||| INVOKING Spit Poison.
   715 | D:1      | 715 ||| INVOKING Spit Poison.
   833 | D:1      | 833 ||| UPGRADING to +6 ring of dexterity.
   834 | D:1      | 834 ||| READING 4 scrolls labelled CAHAEL GYALUT.
   838 | D:1      | 838 ||| READING scroll labelled WYBLYSUA AXED.
   839 | D:1      | 839 ||| READING 2 scrolls labelled NOWNEV BUIKOFA.
   840 | D:1      | 840 ||| READING scroll labelled ICHA JA MUDE.
   841 | D:1      | 841 ||| DROPPING scroll of butterflies.
   842 | D:1      | 842 ||| DROPPING scroll of fog.
   898 | D:2      | 898 ||| INVOKING Spit Poison.
   899 | D:2      | Reached XP level 3. HP: 32/32 MP: 3/3
   927 | D:2      | 927 ||| INVOKING Spit Poison.
   944 | D:2      | Found a shimmering altar of Xom.
   946 | D:2      | 946 ||| INVOKING Spit Poison.
   962 | D:2      | 962 ||| INVOKING Spit Poison.
  1007 | D:2      | 1007 ||| INVOKING Spit Poison.
  1011 | D:2      | 1011 ||| INVOKING Spit Poison.
  1035 | D:2      | 1035 ||| INVOKING Spit Poison.
  1060 | D:2      | 1060 ||| INVOKING Spit Poison.
  1093 | D:2      | 1093 ||| INVOKING Spit Poison.
  1158 | D:2      | 1158 ||| INVOKING Spit Poison.
  1162 | D:2      | 1162 ||| INVOKING Spit Poison.
  1199 | D:2      | 1199 ||| INVOKING Spit Poison.
  1448 | D:2      | Reached skill level 5 in Ranged Weapons
  1448 | D:2      | Reached XP level 4. HP: 39/39 MP: 4/4
  1485 | D:2      | 1485 ||| INVOKING Spit Poison.
  1650 | D:2      | 1650 ||| UPGRADING to +1 hat.
  1655 | D:2      | 1655 ||| READING scroll labelled TATIOT NUHEWOW.
  1656 | D:2      | 1656 ||| READING scroll labelled GIDUME XIDO.
  1657 | D:2      | 1657 ||| DRINKING 2 fuming inky potions.
  1658 | D:2      | 1658 ||| DROPPING potion of attraction.
  1722 | D:3      | 1722 ||| INVOKING Spit Poison.
  1739 | D:3      | 1739 ||| INVOKING Spit Poison.
  1743 | D:3      | 1743 ||| INVOKING Spit Poison.
  1766 | D:3      | 1766 ||| INVOKING Spit Poison.
  1773 | D:3      | 1773 ||| INVOKING Spit Poison.
  1777 | D:3      | 1777 ||| INVOKING Spit Poison.
  1847 | D:3      | 1847 ||| INVOKING Spit Poison.
  1890 | D:3      | 1890 ||| INVOKING Spit Poison.
  1954 | D:3      | 1954 ||| INVOKING Spit Poison.
  2044 | D:3      | 2044 ||| INVOKING Spit Poison.
  2047 | D:3      | Reached skill level 3 in Fighting
  2050 | D:3      | Found a faded altar of an unknown god.
  2057 | D:3      | 2057 ||| INVOKING Spit Poison.
  2174 | D:3      | Noticed Jessica
  2175 | D:3      | 2175 ||| INVOKING Spit Poison.
  2182 | D:3      | 2182 ||| INVOKING Spit Poison.
  2182 | D:3      | Killed Jessica
  2183 | D:3      | Reached XP level 5. HP: 44/49 MP: 5/5
  2185 | D:3      | 2185 ||| INVOKING Spit Poison.
  2277 | D:3      | 2277 ||| INVOKING Spit Poison.
  2283 | D:3      | 2283 ||| INVOKING Spit Poison.
  2343 | D:3      | 2343 ||| INVOKING Spit Poison.
  2346 | D:3      | 2346 ||| INVOKING Spit Poison.
  2365 | D:3      | 2365 ||| DROPPING +6 ring of intelligence.
  2366 | D:3      | 2366 ||| READING scroll labelled EGYJIL VONE.
  2367 | D:3      | 2367 ||| DRINKING 2 sedimented coppery potions.
  2373 | D:3      | 2373 ||| DRINKING 2 smoky silvery potions.
  2373 | D:3      | Gained mutation: Your flesh is cold resistant. (rC+)
                  | [potion of mutation]
  2373 | D:3      | Gained mutation: You are strong-willed. (Will+) [potion of
                  | mutation]
  2374 | D:3      | 2374 ||| DROPPING potion of ambrosia.
  2401 | D:4      | 2401 ||| INVOKING Spit Poison.
  2421 | D:4      | Noticed a black bear
  2424 | D:4      | 2424 ||| INVOKING Spit Poison.
  2430 | D:4      | 2430 ||| INVOKING Spit Poison.
  2430 | D:4      | HP: 8/49 [black bear (5)]
  2431 | D:4      | 2431 ||| READING 3 scrolls of teleportation.
  2431 | D:4      | Slain by a black bear

Levels and vault maps discovered:
D:1:      dpeg_arrival_oval, layout_loops_corners, chequers_arboretum
D:2:      layout_basic, basic_altar, kennysheep_potato
D:3:      layout_loops_cross, ebering_ecumenical_altar_box,
          grunt_decor_arrowhead, kennysheep_jessica_study
D:4:      layout_rooms, nicolae_qazlal_style_of_elements, minmay_quantized

Skill      XL: |  1  2  3  4 |
---------------+-------------+-----
Ranged Weapons | 4 5 |  5.3
Fighting       | 3 |  3.0
Dodging        | 2 |  2.3
Stealth        | |  1.5

Action                     |  1- 3 |  4- 6 || total
---------------------------+-------+-------++-------
   Fire: Shortbow          |    56 |    72 ||   128
Ability: Spit Poison       |    25 |    22 ||    47
    Use: Scroll            |     4 |     4 ||     8
         Potion            |       |     3 ||     3
 Armour: Leather armour    |     3 |     9 ||    12
  Dodge: Dodged            |    10 |    23 ||    33

Table legend:
 A = Non-vault XP
 B = Vault XP
 C = Vault XP percentage of total XP
 D = Non-vault monster count
 E = Vault monster count
 F = Vault count percentage of total count
                 A         B        C        D         E       F
            +---------+---------+-------+---------+---------+-------
      Total |     212 |      46 |  17.8 |      65 |       5 |   7.1
            +---------+---------+-------+---------+---------+-------
        D:1 |      31 |       0 |   0.0 |      21 |       0 |   0.0
        D:2 |      48 |       7 |  12.7 |      15 |       3 |  16.7
        D:3 |      90 |      39 |  30.2 |      25 |       2 |   7.4
        D:4 |      43 |       0 |   0.0 |       4 |       0 |   0.0
            +---------+---------+-------+---------+---------+-------
